AoeStats
← Based Assad

Arabia

508926678Analyzed
1v1 RM · 8d ago on Sep 24, 2026· 19m 13s· 2 players
Game mode
Random Map
Map size
Tiny (2 player)
Population
200
Speed
Normal
Resources
Standard
Victory
Conquest
Starting age
Dark Age
Ending age
Imperial Age
RankedLock teamsTeams togetherTeam positionsShared explorationLock speedFull tech treeHidden civsTurbo modeCheats
Victory
Defeat
1076
+16
🇨🇷 Byzantines · Costa Rica
1082
-16
EXILE | Claire Redfield
4:32 Loom
6:33 Loom
9:41 Feudal Age
10:55 Double-Bit Axe
14:09 Bloodlines
17:27 Scale Barding Armor
18:23 Forging
Based Assad
7:04 Loom
9:27 Feudal Age
9:33 Man-at-Arms
21:46 Castle Age
Connection lost

Rejoining the realm…

Still unreachable

The connection could not be restored.

Session expired

The server has moved on; the page needs a fresh start.